 Dungeon Crawl Stone Soup version 0.24.1-14-gf8d2b509d9 (console) character file.

Game seed: 10733714864421988197, levelgen mode: deterministic

99 Kagalorn the Skirmisher (level 4, -4/41 HPs)
             Began as a Gnoll Wanderer on Feb 27, 2021.
             Killed by nerve-wracking pain
             ... invoked by Jessica
              (13 damage)
             ... on level 2 of the Dungeon.
             The game lasted 00:02:53 (1016 turns).

Kagalorn the Skirmisher (Gnoll Wanderer)            Turns: 1016, Time: 00:02:54

Health: -4/41      AC:  7    Str: 16    XL:     4   Next: 72%
Magic:  6/6        EV: 13    Int: 14    God:
Gold:   128        SH:  0    Dex: 14    Spells: 5/5 levels left

rFire    . . .     SeeInvis .   a - +0 mace
rCold    . . .     Gourm    .   (no shield)
rNeg     . . .     Faith    .   b - +2 leather armour
rPois    .         Spirit   .   (no helmet)
rElec    .         Reflect  .   (no cloak)
rCorr    .         Harm     .   r - +1 pair of gloves
MR       .....                  (no boots)
Stlth    ++........             (no amulet)
HPRegen  0.13/turn              (no ring)
MPRegen  0.10/turn              (no ring)

@: no status effects
A: distributed training, fangs 1, strong nose
a: no special abilities


You were on level 2 of the Dungeon.
You were hungry.

You visited 1 branch of the dungeon, and saw 2 of its levels.

You collected 128 gold pieces.

Inventory:

Hand Weapons
 a - a +0 mace (weapon)
 n - a cursed -3 whip
Missiles
 g - 17 arrows
 i - 68 stones (quivered)
 k - 17 sling bullets
Armour
 b - a +2 leather armour (worn)
 r - a +1 pair of gloves (worn)
Scrolls
 e - a scroll of blinking {unknown}
 h - a scroll of identify {unknown}
 j - a scroll of enchant weapon {unknown}
 m - a scroll of teleportation {unknown}
 o - a scroll of fog {unknown}
 q - a scroll of immolation {unknown}
Potions
 c - 2 potions of lignification
 f - a potion of brilliance {unknown}
 l - a potion of haste {unknown}
 p - 2 potions of curing {unknown}
Comestibles
 d - 3 rations


   Skills:
 + Level 6.6 Fighting
 + Level 1.2 Short Blades
 + Level 1.2 Long Blades
 + Level 1.2 Axes
 + Level 2.8 Maces & Flails
 + Level 1.2 Polearms
 + Level 1.2 Staves
 + Level 1.2 Slings
 + Level 1.2 Bows
 + Level 1.2 Crossbows
 + Level 2.8 Throwing
 + Level 2.8 Armour
 + Level 2.8 Dodging
 + Level 1.2 Stealth
 + Level 1.2 Shields
 + Level 4.6 Unarmed Combat
 + Level 1.2 Spellcasting
 + Level 1.0 Conjurations
 + Level 1.0 Hexes
 + Level 1.0 Charms
 + Level 1.0 Summonings
 + Level 1.0 Necromancy
 + Level 1.0 Translocations
 + Level 1.0 Transmutations
 + Level 1.0 Fire Magic
 + Level 1.0 Ice Magic
 + Level 1.0 Air Magic
 + Level 1.0 Earth Magic
 + Level 1.0 Poison Magic
 + Level 1.3 Invocations
 + Level 2.8 Evocations


You had 5 spell levels left.
You didn't know any spells.
Your spell library was empty.

Dungeon Overview and Level Annotations

Branches:
Dungeon (2/15)

Altars:

Annotations:
D:2 Jessica, Sigmund


Innate Abilities, Weirdness & Mutations

Your experience applies equally to all skills.
You have very sharp teeth.
Your uncanny sense of smell can sniff out nearby items.


Message History

Here: Jessica, wearing a +2 robe of fire resistance (heavily wounded, fast)
A +0 flail.
There is something else lying underneath.
The floor, spattered with blood.
The bat barely misses you. The bat hits you but does no damage. x2
The bat hits you but does no damage.
An adder comes into view.
The bat hits you but does no damage. The bat closely misses you.
The bat closely misses you. The bat closely misses you.
The bat hits you but does no damage. The bat hits you but does no damage. x2
Jessica gestures wildly while chanting.
Jessica blinks!
The bat closely misses you. The bat hits you but does no damage.
Jessica closely misses you. The bat barely misses you.
Jessica points at you and mumbles some strange words.
Pain shoots through your body!
You die...

.. ##.......# #.# #...g
..#####.#.#.# #.# ###.g
...........#####.# #..
...###........##.# #.g #.#
#.....##>##.# ####.. ..# #.#
#.....##.##.####).... ..# #.#
#.....S...gg.........
..#######.###...@b###.######.###.
..##............@.# #.# #.# ##
..#.............### #.# #.#
..#..####†####### ... #.# ..#..#
#.### ..S #.# .....####.#..
∆..... #.# #<........#.# .....
#.# ####...####.# ##...## #
#.....##.# # #.†)÷.##.##


You could see Jessica, a bat and a ball python.

Vanquished Creatures
  Terence (D:2)
  2 adders (D:2)
  An ooze (D:1)
  2 worms (D:2)
  2 leopard geckos (D:2)
  4 bats
  3 giant cockroaches
  3 goblins
  10 hobgoblins (D:1)
  2 jackals (D:2)
  A quokka (D:2)
  2 frilled lizards (D:1)
  5 kobolds
  5 rats
43 creatures vanquished.

Notes
Turn   | Place    | Note
-------+----------+-------------------------------------------
     0 | D:1      | Kagalorn the Gnoll Wanderer began the quest for the Orb.
     0 | D:1      | Kagalorn set off with the following items: a +0 mace, a +2
                  | leather armour, a potion of lignification, a ration
     0 | D:1      | Reached XP level 1. HP: 23/23 MP: 2/2
    61 | D:1      | Reached XP level 2. HP: 22/29 MP: 3/3
   386 | D:1      | Reached XP level 3. HP: 31/35 MP: 4/4
   583 | D:2      | Reached skill level 1 in Invocations
   818 | D:2      | Reached skill level 1 in Short Blades
   818 | D:2      | Reached skill level 1 in Long Blades
   818 | D:2      | Reached skill level 1 in Axes
   818 | D:2      | Reached skill level 1 in Polearms
   818 | D:2      | Reached skill level 1 in Staves
   818 | D:2      | Reached skill level 1 in Slings
   818 | D:2      | Reached skill level 1 in Bows
   818 | D:2      | Reached skill level 1 in Crossbows
   818 | D:2      | Reached skill level 1 in Stealth
   818 | D:2      | Reached skill level 1 in Shields
   818 | D:2      | Reached skill level 1 in Spellcasting
   846 | D:2      | Reached XP level 4. HP: 38/41 MP: 6/6
   929 | D:2      | Noticed Terence
   943 | D:2      | Killed Terence
   943 | D:2      | Reached skill level 1 in Conjurations
   943 | D:2      | Reached skill level 1 in Hexes
   943 | D:2      | Reached skill level 1 in Charms
   943 | D:2      | Reached skill level 1 in Summonings
   943 | D:2      | Reached skill level 1 in Necromancy
   943 | D:2      | Reached skill level 1 in Translocations
   943 | D:2      | Reached skill level 1 in Transmutations
   943 | D:2      | Reached skill level 1 in Fire Magic
   943 | D:2      | Reached skill level 1 in Ice Magic
   943 | D:2      | Reached skill level 1 in Air Magic
   943 | D:2      | Reached skill level 1 in Earth Magic
   943 | D:2      | Reached skill level 1 in Poison Magic
   973 | D:2      | Noticed Jessica
   979 | D:2      | Noticed Sigmund
  1016 | D:2      | Killed from afar by Jessica

Levels and vault maps discovered:
D:1:      giann_bridges, layout_basic, chequers_serial_rivers_small_3
D:2:      layout_loops_ring, wad_floor_pattern_2,
          nicolae_qazlal_eye_of_the_storm, uniq_terence, uniq_jessica,
          uniq_sigmund, uniq_crazy_yiuf_cottage

Skill      XL: |  1  2  3  4 |
---------------+-------------+-----
Invocations    | 1 |  1.3
Short Blades   | 1 |  1.2
Long Blades    | 1 |  1.2
Axes           | 1 |  1.2
Polearms       | 1 |  1.2
Staves         | 1 |  1.2
Slings         | 1 |  1.2
Bows           | 1 |  1.2
Crossbows      | 1 |  1.2
Stealth        | 1 |  1.2
Shields        | 1 |  1.2
Spellcasting   | 1 |  1.2
Conjurations   | 1 |  1.0
Hexes          | 1 |  1.0
Charms         | 1 |  1.0
Summonings     | 1 |  1.0
Necromancy     | 1 |  1.0
Translocations | 1 |  1.0
Transmutations | 1 |  1.0
Fire Magic     | 1 |  1.0
Ice Magic      | 1 |  1.0
Air Magic      | 1 |  1.0
Earth Magic    | 1 |  1.0
Poison Magic   | 1 |  1.0
Fighting       | |  6.6
Maces & Flails | |  2.8
Throwing       | |  2.8
Armour         | |  2.8
Dodging        | |  2.8
Unarmed Combat | |  4.6
Evocations     | |  2.8

Action                   |  1- 3 |  4- 6 || total
-------------------------+-------+-------++-------
Melee: Mace              |    97 |    37 ||   134
       Bite              |     6 |     4 ||    10
       Punch             |       |     3 ||     3
 Stab: Sleeping          |     1 |       ||     1
Armor: Leather armour    |    36 |    38 ||    74
Dodge: Dodged            |    60 |    87 ||   147
